 Dungeon Crawl Stone Soup version 0.32-a0-791-gfc315c9ecd (webtiles) character file.

Game seed: 2187932097382672789

709 warriortoast the Magician (level 7, -4/36 HPs)
             Began as a Deep Elf Conjurer on Mar 20, 2024.
             Slain by Crazy Yiuf
             ... wielding a +4 quarterstaff of chaos
              (9 damage)
             ... on level 5 of the Dungeon.
             The game lasted 00:10:11 (5107 turns).

warriortoast the Magician (Deep Elf Conjurer)       Turns: 5107, Time: 00:10:12

Health: -4/36      AC:  2    Str:  6    XL:     7   Next: 40%
Magic:  12/19      EV: 11    Int: 26    God:
Gold:   887        SH:  0    Dex: 13    Spells: 9/20 levels left

rFire   . . .        h - +2 hand axe of Wumoage {freeze, Int+3}
rCold   . . .        (no shield)
rNeg    . . .        a - +0 robe
rPois   .            (no helmet)
rElec   .            (no cloak)
rCorr   .            (no gloves)
SInv    .            (no boots)
Will    .....        (no amulet)
Stlth   +++          (no ring)
HPRegen 0.26/turn    (no ring)
MPRegen 0.16/turn

%: no passive effects
@: lethally poisoned (-4 -> -7)
A: no striking features
a: no special abilities


You were on level 5 of the Dungeon.
You visited 1 branch of the dungeon, and saw 5 of its levels.

You collected 987 gold pieces.
You spent 100 gold pieces at shops.

Inventory:

Hand Weapons
 h - the +2 hand axe of Wumoage (weapon) {freeze, Int+3}
   (You found it on level 2 of the Dungeon)

   Int+3:     It affects your intelligence (+3).
Armour
 a - a +0 robe (worn)
Magical Staves
 o - a staff of earth
 s - a staff of air
Jewellery
 e - a ring of willpower
 l - a ring of ice
 q - a +4 ring of slaying
Wands
 g - a wand of polymorph (9)
Scrolls
 f - a scroll of immolation
 j - a scroll of identify
 m - 3 scrolls of teleportation
 n - a scroll of amnesia
 p - a scroll of enchant armour {unknown}
 r - a scroll of revelation
 t - a scroll of noise
 u - 2 scrolls of fog {unknown}
Potions
 b - a potion of magic
 c - 2 potions of degeneration
 d - a potion of might
 i - a potion of cancellation
 k - 6 potions of curing
 v - a potion of invisibility {unknown}


   Skills:
 - Level 2.4 Dodging
 + Level 5.5 Stealth
 + Level 7.2 Spellcasting
 + Level 7.1 Conjurations


You had 9 spell levels left.
You knew the following spells:

 Your Spells              Type           Power      Damage    Failure   Level
a - Magic Dart            Conj           100%       1d8       1%          1
b - Searing Ray           Conj           92%        2d7       1%          2
c - Fulminant Prism       Conj/Alch      14%        3d8       14%         4
d - Iskenderun's Mystic   Conj/Tloc      28%        2d7       14%         4

Your spell library contained the following spells:

 Spells                   Type           Power      Damage    Failure   Level


Dungeon Overview and Level Annotations

Branches:
Dungeon (5/15)
 Temple: D:4-7

Altars:
Fedhas
Okawaru
Qazlal
Yredelemnul

Shops:
D:2 :=*

Annotations:
D:5 Crazy Yiuf


Message History

You shake off the liquid fire.
HP restored.
Found a hammer.
Found a runed translucent door.
Crazy Yiuf shouts!
You open the door.
Casting: Magic Dart (safe; 1% risk of failure)
Confirm with . or Enter, or press ? or * to list all spells.
Aiming: Searing Ray (safe; 1% risk of failure)
Press: ? - help, Shift-Dir - straight line, f - Crazy Yiuf
Aim: Crazy Yiuf, wielding a +4 quarterstaff of chaos and wearing a +1 cloak (84% to hit)
The searing ray misses Crazy Yiuf. (Press . to maintain the ray.)
The searing ray hits Crazy Yiuf!
Crazy Yiuf is moderately wounded.
Crazy Yiuf hits you with a +4 quarterstaff of chaos.
Crazy Yiuf burns you.
The searing ray hits Crazy Yiuf.
Crazy Yiuf is heavily wounded.
Crazy Yiuf hits you with a +4 quarterstaff of chaos!
The searing ray hits Crazy Yiuf.
Crazy Yiuf is severely wounded.
You finish channelling your searing ray.
Crazy Yiuf closely misses you.
The magic dart hits Crazy Yiuf but does no damage.
Crazy Yiuf is severely wounded.
Crazy Yiuf twirls on the spot.
Crazy Yiuf hits you with a +4 quarterstaff of chaos!
* * * LOW HITPOINT WARNING * * *
You are poisoned.
You are too injured to fight recklessly!
Casting: Magic Dart (safe; 1% risk of failure)
Confirm with . or Enter, or press ? or * to list all spells.
Aiming: Magic Dart (safe; 1% risk of failure)
Press: ? - help, Shift-Dir - straight line, f/p - Crazy Yiuf
Aim: Crazy Yiuf, wielding a +4 quarterstaff of chaos and wearing a +1 cloak (severely wounded, 100% to hit)
The magic dart hits Crazy Yiuf.
Crazy Yiuf is almost dead.
You feel sick.
Crazy Yiuf hits you with a +4 quarterstaff of chaos!
You die...

######.####
#..........
#.####.#### #.# #.#
##########.# ###
###.#..#.....#
#...##..#.......###
#...g@####......#
#)..### ##.#..##
### ######


You could see Crazy Yiuf.

Vanquished Creatures
  Grinder (D:3)
  A phantom (D:4)
  A jelly (D:4)
  A bombardier beetle (D:5)
  2 orc priests
  A sleepcap (D:3)
  Jessica (D:2)
  2 orc wizards (D:4)
  Terence (D:3)
  4 gnolls (D:2)
  5 adders
  4 dart slugs
  4 ribbon worms
  12 orcs
  3 endoplasms
  2 giant cockroaches
  13 goblins
  10 hobgoblins
  7 kobolds
  7 ball pythons
  5 bats
  A frilled lizard (D:3)
  5 rats
93 creatures vanquished.

Notes
Turn   | Place    | Note
-------+----------+-------------------------------------------
     0 | D:1      | warriortoast the Deep Elf Conjurer began the quest for the
                  | Orb.
     0 | D:1      | Reached XP level 1. HP: 10/10 MP: 6/6
   413 | D:1      | Reached XP level 2. HP: 15/15 MP: 5/8
   944 | D:2      | Noticed Jessica
   950 | D:2      | Killed Jessica
   951 | D:2      | Reached skill level 5 in Conjurations
   951 | D:2      | Reached XP level 3. HP: 19/19 MP: 2/10
  1105 | D:2      | Identified the +2 hand axe of Wumoage {freeze, Int+3}
  1182 | D:2      | Learned a level 2 spell: Searing Ray
  1271 | D:2      | Reached XP level 4. HP: 23/24 MP: 6/12
  1357 | D:2      | Found Koaces's Assorted Antiques.
  1365 | D:2      | Bought a scroll labelled LUUNOXUSARPH for 25 gold pieces
  1365 | D:2      | Bought a scroll labelled PYAWIG JIOKH for 25 gold pieces
  1365 | D:2      | Bought a scroll labelled AFUUNU SAESHA for 25 gold pieces
  1365 | D:2      | Bought a scroll labelled PYAWIG JIOKH for 25 gold pieces
  1608 | D:2      | Found Fawoss's Jewellery Shoppe.
  1679 | D:2      | Reached skill level 5 in Spellcasting
  2110 | D:2      | Reached XP level 5. HP: 28/28 MP: 11/14
  2145 | D:2      | Found Beofaic's Book Shoppe.
  3169 | D:3      | Found a stormy altar of Qazlal.
  3169 | D:3      | Found a blossoming altar of Fedhas.
  3279 | D:3      | Noticed Terence
  3285 | D:3      | Killed Terence
  3289 | D:3      | Noticed Grinder
  3372 | D:3      | Paralysed by Grinder for 3 turns
  3383 | D:3      | Paralysed by Grinder for 3 turns
  3388 | D:3      | Killed Grinder
  3389 | D:3      | Reached XP level 6. HP: 23/32 MP: 4/17
  3714 | D:4      | Found a basalt altar of Yredelemnul.
  3876 | D:4      | Identified a scroll of acquirement
  3876 | D:4      | Acquired 655 gold pieces
  4073 | D:4      | Learned a level 4 spell: Fulminant Prism
  4078 | D:4      | Learned a level 4 spell: Iskenderun's Mystic Blast
  4201 | D:4      | Reached skill level 5 in Stealth
  4201 | D:4      | Reached XP level 7. HP: 36/36 MP: 12/19
  4502 | D:4      | Found an iron altar of Okawaru.
  4765 | D:5      | Entered Level 5 of the Dungeon
  5097 | D:5      | Found a runed translucent door.
  5098 | D:5      | Noticed Crazy Yiuf
  5107 | D:5      | Slain by Crazy Yiuf

Illustrated notes

Levels and vault maps discovered:
D:1:      sevenhm_arrival_forest_fort_large_4, layout_basic, st_stairs_9,
          serial_bayou_lake_a
D:2:      minmay_inner_zag, layout_loops_cross, serial_shops, shop,
          nicolae_square_shop, nicolae_shop_real_fake_doors, uniq_jessica
D:3:      layout_basic, grunt_temple_overflow_forces_of_nature, minivault_4,
          uniq_grinder, uniq_terence
D:4:      layout_cave_pods, kennysheep_okawaru_gauntlet, kennysheep_mini_moat
D:5:      layout_loops_ring, uniq_blork_the_orc, uniq_eustachio,
          uniq_crazy_yiuf_cottage, uniq_edmund

Skill      XL: |  1  2  3  4  5  6  7 |
---------------+----------------------+-----
Spellcasting   | 4 5 6 7 |  7.2
Conjurations   | 5 6 7 |  7.1
Stealth        | 4 5 |  5.5
Dodging        | |  2.4

Action                     |  1- 3 |  4- 6 |  7- 9 || total
---------------------------+-------+-------+-------++-------
  Melee: Hand axe          |       |     1 |       ||     1
   Cast: Magic Dart        |    59 |   134 |    31 ||   224
         Searing Ray       |       |     2 |     3 ||     5
    Use: Scroll            |       |    13 |       ||    13
 Armour: Robe              |     6 |    17 |     4 ||    27
  Dodge: Dodged            |     9 |    14 |     3 ||    26

Table legend: (Time is in decaauts)
 A = Elapsed time spent in this place.
 B = Non-inter-level travel time spent in this place.
 C = Inter-level travel time spent in this place.
 D = Time resting spent in this place.
 E = Time spent auto-exploring this place.
 F = Levels seen in this place.
 G = Mean time per level.
                   A        B        C        D        E       F      G
               +--------+--------+--------+--------+--------+-----+--------+
         Total |   5124 |   5029 |     95 |    545 |   3976 |   5 | 1024.8 |
       Dungeon |   5124 |   5029 |     95 |    545 |   3976 |   5 | 1024.8 |
               +--------+--------+--------+--------+--------+-----+--------+

Top non-repeatable levels by time:
     D:2: 1387 daAuts
     D:3: 1347 daAuts
     D:4: 1086 daAuts
     D:1: 960 daAuts
     D:5: 341 daAuts
